 Dungeon Crawl Stone Soup version 0.22-a0-469-gf26638a (webtiles) character file.

18 emperorscorpion the Charmwright (level 2, -6/15 HPs)
             Began as a Vine Stalker Skald on June 13, 2018.
             Mangled by Tiareth's ghost (7 damage)
             ... on level 4 of the Dungeon.
             The game lasted 00:03:13 (377 turns).

emperorscorpion the Charmwright (Vine Stalker Skald) Turns: 377, Time: 00:03:14

Health: -6/15      AC:  2    Str: 13    XL:     2   Next: 66%
Magic:  0/6        EV: 12    Int: 13    God:
Gold:   68         SH:  0    Dex: 13    Spells: 4/5 levels left

rFire    . . .     SeeInvis .   a - +2 rapier (venom)
rCold    . . .     Gourm    .   (no shield)
rNeg     . . .     Faith    .   e - +0 robe (curse)
rPois    .         Spirit   +   (no helmet)
rElec    .         Reflect  .   (no cloak)
rCorr    .         Harm     .   (no gloves)
MR       .....                  (no boots)
Stlth    +.........             (no amulet)
HPRegen  0.05/turn              (no ring)
MPRegen  0.10/turn              (no ring)

@: flying
A: fangs 2, magic shield, antimagic bite, no potion heal 3, rot immunity
a: no special abilities


You were on level 4 of the Dungeon.
You were not hungry.

You visited 1 branch of the dungeon, and saw 4 of its levels.

You collected 68 gold pieces.

Inventory:

Hand Weapons
 a - a +2 rapier of venom (weapon)
 i - a +0 short sword
Armour
 b - a +1 leather armour
 e - a cursed +0 robe (worn)
Potions
 h - a potion of berserk rage {unknown}
 j - a potion of haste {unknown}
 l - a potion of might {unknown}
Comestibles
 d - 3 rations
 k - 3 chunks of flesh


   Skills:
 + Level 1.8 Fighting
 + Level 1.9 Short Blades
 + Level 0.7 Armour
 + Level 1.6 Dodging
 + Level 2.3 Spellcasting
 + Level 3.6 Charms


You had 4 spell levels left.
You knew the following spells:

 Your Spells              Type           Power        Failure   Level  Hunger
a - Infusion              Chrm           ##..         5%          1    #......

Your spell library contained the following spells:

 Spells                   Type           Power        Failure   Level  Hunger
 Confuse                  Hex            #.......     58%         3    ###....
 Regeneration             Chrm/Necr      #.........   34%         3    ###....
 Confusing Touch          Hex            #.....       26%         1    #......
 Metabolic Englaciation   Hex/Ice        #.........   100%        5    ######.
 Petrify                  Tmut/Erth      #.......     94%         4    #####..
 Shroud of Golubria       Chrm/Tloc      #.........   19%         2    ###....
 Song of Slaying          Chrm           ##......     9%          2    ###....
 Spectral Weapon          Hex/Chrm       #.......     34%         3    ###....
 Gell's Gravitas          Tloc           #.........   58%         3    ###....
 Yara's Violent Unravell  Hex/Tmut       #.........   100%        5    ######.


Dungeon Overview and Level Annotations

Branches:
Dungeon (4/15)
 Temple: D:4-7

Altars:
Hepliaklqana

Annotations:
D:4 Tiareth's ghost, amateur DDWz


Innate Abilities, Weirdness & Mutations

You have extremely sharp teeth.
When hurt, damage is shared between your health and your magic reserves.
Your bite disrupts and absorbs the magic of your enemies.
Potions cannot restore your health.
You are immune to rotting.


Message History

Press: ? - help, Shift-Dir - straight line, f/p - Tiareth's ghost
Aim: Tiareth's ghost (moderately damaged)
The burst of metal fragments hits Tiareth's ghost. x2
Tiareth's ghost is heavily damaged.
The now-empty wand crumbles to dust.
Tiareth's ghost hits you!
You stop training Evocations.
You closely miss Tiareth's ghost.
Tiareth's ghost is heavily damaged.
Tiareth's ghost hits you.
You closely miss Tiareth's ghost. Your bite misses Tiareth's ghost.
Tiareth's ghost is heavily damaged.
Tiareth's ghost hits you!
Ouch! That really hurt!
* * * LOW HITPOINT WARNING * * *
It was a potion of flight.
You feel very buoyant.
You fly up into the air.
Tiareth's ghost closely misses you.
It was a potion of heal wounds.
That seemed strangely inert.
Tiareth's ghost hits you!
You die...

#.'.........# ...
###.........# ....
#####......#.....
....####.........##.....
........................
#.?.............####...
#...............#
.#.......#####...#
...../W@.# ..###
.........# .# .....#####
.# .... ... ##


You could see Tiareth's ghost.

Vanquished Creatures
  An ooze (D:1)
  A worm (D:3)
  A leopard gecko (D:2)
  3 jackals (D:1)
  A ball python (D:3)
  A bat (D:2)
  A frilled lizard (D:2)
  A kobold (D:3)
  A rat (D:2)
11 creatures vanquished.

Notes
Turn   | Place    | Note
-------+----------+-------------------------------------------
     0 | D:1      | emperorscorpion the Vine Stalker Skald began the quest for the Orb.
     0 | D:1      | Reached XP level 1. HP: 11/11 MP: 4/4
    27 | D:1      | Reached XP level 2. HP: 9/15 MP: 6/6
   206 | D:2      | Noticed a crimson imp
   252 | D:3      | Found a hazy altar of Hepliaklqana.
   367 | D:4      | Noticed Tiareth's ghost (amateur DDWz)
   377 | D:4      | Mangled by Tiareth's ghost

Vault maps used:
D:1:      dpeg_arrival_arbitrary_b
D:2:      gammafunk_temple_overflow_statue, first_ration,
          okawaru_altar_gauntlet_db
D:3:      cheibrodos_thug_alley, lemuel_coloured_pillars_altar,
          lemuel_round_altar
D:4:      minmay_temple_entry_statues, kennysheep_generic_room_11

Action                   || total
-------------------------++-------
Melee: Short sword       ||    32
       Bite              ||     9
       Rapier            ||     6
Evoke: Wand              ||     4
  Use: Scroll            ||     2
       Potion            ||     2
Armor: Leather armour    ||     7
       Robe              ||     6
Dodge: Dodged            ||    30

Table legend:
 A = Spawn XP
 B = Non-spawn XP
 C = Spawn XP percentage of total XP
 D = Spawn monster count
 E = Non-spawn monster count
 F = Spawn count percentage of total count
 G = Total turns spent on level
                    A         B        C        D         E        F      G
               +---------+---------+-------+---------+---------+-------+---------
         Total |       0 |      26 |   0.0 |       0 |      11 |   0.0 |   377
               +---------+---------+-------+---------+---------+-------+---------
           D:1 |       0 |      13 |   0.0 |       0 |       4 |   0.0 |    59
           D:2 |       0 |       6 |   0.0 |       0 |       4 |   0.0 |   151
           D:3 |       0 |       7 |   0.0 |       0 |       3 |   0.0 |   122
               +---------+---------+-------+---------+---------+-------+---------
